[Event "*** Titled Tuesday Blitz"]
[Site "Chess.com"]
[Date "2018.01.02"]
[Round "3"]
[White "walkingcreep"]
[Black "Elshan1985"]
[Result "1-0"]
[WhiteElo "2425"]
[BlackElo "2654"]
[TimeControl "180+2"]
[EndTime "13:36:05 PST"]
[Termination "walkingcreep won by resignation"]

1. d4 Nf6 2. c4 b6 3. Nc3 Bb7 4.
d5 e6 5. a3 g6 6. g3 Bg7 7.
Bg2 O-O 8. Nf3 b5 9. dxe6 fxe6 10. Nxb5 Nc6 11. O-O Na5 12. Nd2 Bxg2 13. Kxg2 Qb8 14. Qc2 Qb7+ 15. Kg1 c6 16. Nd6 Qc7 17. c5 Nb7 18.
Nxb7 Qxb7 19. Nc4 Nd5 20. e4 Ne7 21. Be3 Rab8 22. Rad1 Nc8 23. b4 Rf7 24. Rd3 Qa6 25. Rfd1 Rb7 26. Na5 Rc7 27. Bf4 e5 28. Be3 Qb5 29.
Qb3 Kf8 30. Bd2 Ne7 31. Bc3 Ng8 32. Nc4 Re7 33. Nd6 Qb8 34. Qc4 Nf6 35. Rf3 Re6 36.
Bxe5 Ke7 37. Qd4 Qh8 38. Nc4 Rb7 39. Na5 Qc8 40. Nxb7 Qxb7 41. Bxf6+ Bxf6 42. e5 Rxe5 43. Qd6+ 1-0

[Event "*** Titled Tuesday Blitz"]
[Site "Chess.com"]
[Date "2018.01.02"]
[Round "3"]
[White "dawtonlms"]
[Black "Vrolijk"]
[Result "1-0"]
[WhiteElo "2421"]
[BlackElo "2443"]
[TimeControl "180+2"]
[EndTime "13:36:14 PST"]
[Termination "dawtonlms won by checkmate"]

1. e4 e5 2. Nf3 Nc6 3. Bb5 Nf6 4. d3 Bc5 5. Bxc6 dxc6 6. Nbd2 Nd7 7. Qe2 O-O 8. Nc4 f6 9. Bd2 Re8 10. h3 Nf8 11. g4 Ne6 12. O-O-O a5 13. Rdg1 a4 14. g5 fxg5 15. Nxg5 Nd4 16. Qh5 h6 17. Qf7+ Kh8 18.
Qh5 Qf6 19. Qxe8+ Bf8 20. Nf7+ Kh7 21. Nfxe5 Ne2+ 22. Kb1 Nxg1 23. Rxg1 b5 24. Ne3 Bb7 25. Qg6+ Qxg6 26. Nxg6 Bc5 27. c3 Re8 28. d4 Bb6 29. f3 c5 30. d5 c4 31. Nf4 Rf8 32. Ne6 Rxf3 33. Rxg7+ Kh8 34. Nf5 Bxd5 35. exd5 Rxf5 36. Bxh6 Rxd5 37. Rf7 Rd6 38. Re7 Kg8 39. h4 Rd5 40. Ng5 Rd6 41. Re8# 1-0

[Event "*** Titled Tuesday Blitz"]
[Site "Chess.com"]
[Date "2018.01.02"]
[Round "3"]
[White "TheBigBoss04"]
[Black "Firebullet"]
[Result "0-1"]
[WhiteElo "2482"]
[BlackElo "2455"]
[TimeControl "180+2"]
[EndTime "13:36:16 PST"]
[Termination "Firebullet won by resignation"]

1. Nf3 Nf6 2. g3 g6 3. Bg2 Bg7 4. O-O O-O 5. c4 c6 6. Nc3 d5 7. cxd5 cxd5 8. d4 Nc6 9. Bf4 Bg4 10. Ne5 Bf5 11. Qa4 Qb6 12. Nxd5 Nxd5 13. Bxd5 Nxd4 14.
e3 Ne2+ 15. Kh1 Nxf4 16. exf4 Qxb2 17. Rae1 Rad8 18. Bg2 a6 19. g4 Be6 20. Rb1 Qd4 21. Rb4 Qd2 22. Rxb7 Bxe5 23. fxe5 Rd4 24. Qxa6 Rxg4 25.
Rb5 Bc4 26. Qa5 Qxa5 27. Rxa5 Bxf1 28. Bxf1 Rd8 29. e6 Rd1 0-1

[Event "*** Titled Tuesday Blitz"]
[Site "Chess.com"]
[Date "2018.01.02"]
[Round "3"]
[White "Colombiano07"]
[Black "aa175"]
[Result "1-0"]
[WhiteElo "2196"]
[BlackElo "1902"]
[TimeControl "180+2"]
[EndTime "13:36:21 PST"]
[Termination "Colombiano07 won by checkmate"]

1. e4 e5 2. Nf3 Nc6 3. g3 Nf6 4. d3 d5 5. Nbd2 Bc5 6. Bg2 dxe4 7. dxe4 O-O 8. O-O Be7 9. Qe2 Re8 10. h3 Be6 11. c3 Bf8 12. Nc4 h6 13. Rd1 Bd7 14.
b4 a6 15. a4 b5 16. axb5 axb5 17. Rxa8 Qxa8 18. Ne3 Qb7 19. Nd5 Qc8 20. Bxh6 Bxh3 21. Nxf6+ gxf6 22. Bxf8 Bxg2 23. Bh6 Qh3 24. Nh2 Qxh6 25.
Kxg2 Qg6 26. Nf3 Rb8 27. Nh4 Qh7 28. Nf5 Rd8 29. Rh1 Qg6 30. Qxb5 Nb8 31. Ne7+ Kg7 32.
Nxg6 fxg6 33. Qb7 Rd6 34. Qxc7+ Rd7 35. Qxb8 Rb7 36. Qxb7+ Kg8 37. Ra1 Kf8 38. Ra8# 1-0

[Event "*** Titled Tuesday Blitz"]
[Site "Chess.com"]
[Date "2018.01.02"]
[Round "3"]
[White "Boryboy"]
[Black "Robin-Side"]
[Result "1-0"]
[WhiteElo "2425"]
[BlackElo "2566"]
[TimeControl "180+2"]
[EndTime "13:36:26 PST"]
[Termination "Boryboy won by resignation"]

1. e4 g6 2. g3 Bg7 3. Bg2 e6 4. Ne2 Ne7 5. d3 O-O 6. Nd2 d5 7. O-O c5 8. h3 Nbc6 9. c3 b6 10. Nf3 Bb7 11. Qc2 h6 12. Rd1 f5 13. exd5 exd5 14. d4 c4 15. Nf4 Qd7 16. Re1 Rfe8 17. h4 Bf6 18. Bh3 Kf7 19. Re6 g5 20. hxg5 hxg5 21.
Rxf6+ Kxf6 22. Nh5+ Kg6 23. g4 Rg8 24. Bxg5 Raf8 25.
Re1 Kh7 26. Nf6+ Rxf6 27. Bxf6 Rg6 28. g5 Bc8 29. Nh4 Ng8 30. Bxf5 Qxf5 31. Nxf5 Nxf6 32. Nh4 Ne4 33. Nxg6 Kxg6 34. Rxe4 dxe4 35. Qxe4+ Bf5 36. Qxc6+ Kxg5 37. Qxc4 1-0

[Event "*** Titled Tuesday Blitz"]
[Site "Chess.com"]
[Date "2018.01.02"]
[Round "3"]
[White "GMAkobianSTL"]
[Black "JustaTrickstar"]
[Result "1-0"]
[WhiteElo "2671"]
[BlackElo "2471"]
[TimeControl "180+2"]
[EndTime "13:36:28 PST"]
[Termination "GMAkobianSTL won on time"]

1. d4 f5 2. Nc3 Nf6 3. Bg5 d5 4.
Bxf6 exf6 5. e3 Be6 6. Bd3 Qd7 7. Nge2 Nc6 8. a3 Ne7 9. b3 Nc8 10. Na4 b6 11. c4 Nd6 12. Qc2 dxc4 13. bxc4 Bxc4 14.
Bxc4 Nxc4 15. Qxc4 b5 16. Qa2 bxa4 17. O-O Bd6 18.
Rfc1 Qf7 19. Qc2 g6 20. Qxa4+ Kf8 21. Nc3 Kg7 22. Nb5 Qd7 23. Qa6 Rhb8 24. Nxd6 cxd6 25. Rc6 d5 26. Rac1 Kh6 27. g3 Rb2 28. Rxf6 Re8 29. Rcc6 Qb7 30. Rxg6+ hxg6 31. Rxg6+ Kh5 32. Qf6 Rb1+ 33.
Kg2 Rg1+ 34. Kh3 1-0

[Event "*** Titled Tuesday Blitz"]
[Site "Chess.com"]
[Date "2018.01.02"]
[Round "3"]
[White "Rhinos1"]
[Black "nicegg"]
[Result "0-1"]
[WhiteElo "2003"]
[BlackElo "1998"]
[TimeControl "180+2"]
[EndTime "13:36:35 PST"]
[Termination "nicegg won on time"]

1. e4 e5 2. Nf3 Nc6 3. Bb5 Nd4 4. Be2 Bc5 5. O-O Nxf3+ 6. Bxf3 d6 7. c3 Bb6 8. d4 Nf6 9. Bg5 h6 10. Bh4 g5 11.
Bg3 h5 12. dxe5 h4 13. exf6 hxg3 14. hxg3 Qxf6 15. Re1 g4 16. e5 dxe5 17. Nd2 gxf3 18. Nxf3 Be6 19. Rxe5 Rd8 20. Qa4+ c6 21. Rae1 Qh6 22.
Nh4 Rd2 23. R1e2 Rxe2 24. Rxe2 Qf6 0-1

[Event "*** Titled Tuesday Blitz"]
[Site "Chess.com"]
[Date "2018.01.02"]
[Round "3"]
[White "sergeikim"]
[Black "shepi13"]
[Result "1-0"]
[WhiteElo "2372"]
[BlackElo "1994"]
[TimeControl "180+2"]
[EndTime "13:36:36 PST"]
[Termination "sergeikim won by resignation"]

1. d4 d5 2. c4 c6 3. Nf3 Nf6 4. Qc2 dxc4 5. Qxc4 Bf5 6. e3 e6 7. Bd3 Bxd3 8. Qxd3 Be7 9. O-O O-O 10. Nc3 c5 11.
Rd1 Nc6 12. e4 cxd4 13. Nxd4 Nxd4 14. Qxd4 Qxd4 15. Rxd4 Rfd8 16. Rxd8+ Rxd8 17. Be3 a6 18. f3 Nd7 19. Kf2 Ne5 20. Ke2 Nc4 21. Rb1 Bf6 22. Nd1 g6 23. b3 Nxe3 24. Nxe3 b5 25. Rc1 Rd6 26. f4 Bd4 27. e5 Rb6 28. Ng4 b4 29.
Rc8+ Kg7 30. Nf6 h5 31. g3 Rb5 32. h3 Bxe5 33. Ne8+ Kf8 34. Nd6+ 1-0

[Event "*** Titled Tuesday Blitz"]
[Site "Chess.com"]
[Date "2018.01.02"]
[Round "3"]
[White "gmmoranda"]
[Black "comedy_of_errors"]
[Result "1-0"]
[WhiteElo "2732"]
[BlackElo "2576"]
[TimeControl "180+2"]
[EndTime "13:36:46 PST"]
[Termination "gmmoranda won by resignation"]

1. d4 Nf6 2. c4 g6 3. Nc3 Bg7 4. e4 d6 5. f4 O-O 6. Nf3 Na6 7. Bd3 e5 8. fxe5 dxe5 9. d5 Nc5 10. Bc2 a5 11.
O-O Qe7 12. Kh1 Bd7 13. Bg5 h6 14. Be3 b6 15. b3 Ng4 16. Bg1 f5 17. Qe2 Rae8 18.
a3 fxe4 19. Nxe4 Nxe4 20. Bxe4 Bf5 21. Nd2 Qh4 22. Rae1 h5 23. b4 axb4 24. axb4 Kh8 25. c5 bxc5 26. bxc5 Bh6 27. Nf3 Qd8 28. h3 Bf4 29.
Rd1 Nf6 30. Bxf5 gxf5 31. Nh4 Ne4 32. Nxf5 Rxf5 33. Qxe4 Qg5 34. d6 cxd6 35. cxd6 Rd8 36. Rf3 Rf6 37. d7 Rf7 38. Rfd3 Qf5 39. Qxf5 Rxf5 40. Bb6 Bg5 41. Bxd8 Bxd8 42. Rf3 1-0

[Event "*** Titled Tuesday Blitz"]
[Site "Chess.com"]
[Date "2018.01.02"]
[Round "3"]
[White "yosephtaher"]
[Black "Abrito99"]
[Result "0-1"]
[WhiteElo "2493"]
[BlackElo "2369"]
[TimeControl "180+2"]
[EndTime "13:36:48 PST"]
[Termination "Abrito99 won by checkmate"]

1. c4 g6 2. Nc3 Bg7 3. Nf3 d6 4. d4 Nf6 5. e4 O-O 6. Be2 e5 7.
O-O Nc6 8. d5 Ne7 9. b4 Ne8 10.
Nd2 f5 11. a4 Nf6 12. c5 f4 13. Nc4 g5 14. f3 Ne8 15. Ba3 h5 16. b5 b6 17. cxd6 cxd6 18. Na2 Rf6 19. Nb4 Rg6 20. Nc6 Nxc6 21. dxc6 Kh7 22. a5 g4 23. axb6 g3 24. Qd2 Qh4 25. h3 Bxh3 26. gxh3 Qxh3 27. Bd3 g2 28. Rfe1 Bf6 29. Nxe5 Bh4 30. Nxg6 Qh1# 0-1

[Event "*** Titled Tuesday Blitz"]
[Site "Chess.com"]
[Date "2018.01.02"]
[Round "3"]
[White "tteshan"]
[Black "Grebeniuk-S"]
[Result "0-1"]
[WhiteElo "2016"]
[BlackElo "2410"]
[TimeControl "180+2"]
[EndTime "13:36:49 PST"]
[Termination "Grebeniuk-S won by resignation"]

1. d4 f5 2. Nf3 Nf6 3. Bg5 Ne4 4. Bf4 d6 5. Nbd2 Nxd2 6. Qxd2 g6 7. e3 Bg7 8. h4 h6 9. Bc4 e6 10. c3 O-O 11. Qe2 a6 12. Nd2 b5 13. Bb3 Qe7 14. Qf3 Ra7 15. Qg3 Kh7 16. O-O-O Nd7 17.
Qh3 Nf6 18. Bg5 e5 19. Bxf6 Qxf6 20. dxe5 Qxe5 21. Nf3 Qf6 22. Qg3 f4 23. exf4 Qxf4+ 24.
Qxf4 Rxf4 25. Bd5 Bg4 26. Rd2 Rf8 27. Re1 Bf6 28. Nd4 Bxh4 29. Kb1 c5 30. Nc6 Rc7 31. Re4 Bf5 32. f3 Bxe4+ 33. Bxe4 Bg3 34. Na5 Kg7 35. Nb3 Bf4 36. Rd5 Re7 37. Kc2 h5 38.
Nd2 Bxd2 39. Kxd2 Rf6 40. Ke3 Re5 41. Rd1 g5 42. Kd3 d5 0-1

[Event "*** Titled Tuesday Blitz"]
[Site "Chess.com"]
[Date "2018.01.02"]
[Round "3"]
[White "FrankieJay"]
[Black "Maili15"]
[Result "0-1"]
[WhiteElo "2293"]
[BlackElo "2304"]
[TimeControl "180+2"]
[EndTime "13:36:55 PST"]
[Termination "Maili15 won on time"]

1. c4 e6 2. Nc3 d5 3. e3 Nf6 4. Nf3 Be7 5. b3 O-O 6. Bb2 c5 7. d4 b6 8. cxd5 exd5 9. Bd3 Bb7 10. O-O Nbd7 11. Rc1 Ne4 12. Qc2 f5 13. dxc5 bxc5 14. Rfd1 Ndf6 15. Nd2 Qe8 16. f3 Nxd2 17. Qxd2 Bd6 18.
Bxf5 Qe5 19. e4 Qxh2+ 20. Kf1 Bf4 21. Qf2 Ba6+ 22. Ne2 Qh1+ 23. Qg1 Qxg1+ 24. Kxg1 Bxe2 25. Re1 Bxc1 26. Bxc1 Bb5 27. exd5 Rfd8 28. Bg5 Kf8 29. Re6 Rxd5 0-1

[Event "*** Titled Tuesday Blitz"]
[Site "Chess.com"]
[Date "2018.01.02"]
[Round "3"]
[White "Muracle"]
[Black "1e41-0"]
[Result "1-0"]
[WhiteElo "2503"]
[BlackElo "2350"]
[TimeControl "180+2"]
[EndTime "13:36:56 PST"]
[Termination "Muracle won by resignation"]

1. Nf3 d5 2. g3 Nc6 3. d4 Bf5 4. Bg2 e6 5. O-O Nf6 6. c4 Be7 7. Ne5 Nxe5 8. dxe5 Nd7 9. cxd5 Nxe5 10. dxe6 Qxd1 11.
Rxd1 c6 12. exf7+ Kxf7 13. Nc3 Rad8 14. Be3 Nc4 15. Bxa7 Nxb2 16. Rxd8 Rxd8 17. e4 Bc8 18. Rb1 Rd2 19. e5 Nc4 20. f4 b6 21. Bxc6 Bc5+ 22. Kh1 Ne3 23. Ne4 Bf5 24. Nxd2 Bh3 25. Bxb6 Bxb6 26.
Rxb6 1-0

[Event "*** Titled Tuesday Blitz"]
[Site "Chess.com"]
[Date "2018.01.02"]
[Round "3"]
[White "GMHess"]
[Black "Aleksey_Sorokin"]
[Result "1-0"]
[WhiteElo "2609"]
[BlackElo "2766"]
[TimeControl "180+2"]
[EndTime "13:36:57 PST"]
[Termination "GMHess won by resignation"]

1. d4 Nf6 2. c4 e6 3. Nc3 Bb4 4. Qc2 d5 5. a3 Bxc3+ 6. Qxc3 O-O 7. Nf3 dxc4 8. Qxc4 b6 9. Bg5 Ba6 10. Qa4 c5 11.
dxc5 bxc5 12. Qc2 h6 13. Rd1 Qa5+ 14. Bd2 Qb6 15. g4 Bb7 16. g5 hxg5 17. Bxg5 Ne4 18. Rg1 Re8 19. Bh6 g6 20. Nd2 Nxd2 21. Rxg6+ Kh8 22.
Qc3+ e5 23. Rxb6 axb6 24. Rxd2 Nc6 25. Qh3 Re6 26. Rd7 Bc8 27. Rxf7 Rg6 28. Rf8+ Rg8 29. Rxg8+ Kxg8 30. Qg2+ Kf7 31. Qxc6 Ra7 32. Qxc8 1-0

[Event "*** Titled Tuesday Blitz"]
[Site "Chess.com"]
[Date "2018.01.02"]
[Round "3"]
[White "EndgameGrinder"]
[Black "ChainsOfFantasia"]
[Result "0-1"]
[WhiteElo "2437"]
[BlackElo "2453"]
[TimeControl "180+2"]
[EndTime "13:36:57 PST"]
[Termination "ChainsOfFantasia won by resignation"]

1. d4 Nf6 2. Nf3 e6 3. Bf4 Bd6 4. Bg5 h6 5. Bh4 O-O 6. Nc3 Be7 7. Qd2 d5 8. Bxf6 Bxf6 9. e4 b6 10. e5 Be7 11. Bd3 c5 12. h4 Nc6 13. g4 cxd4 14.
Ne2 Bb4 15. c3 dxc3 16. bxc3 Bc5 17. g5 h5 18. Nf4 Qc7 19. Qe2 d4 20. Qe4 g6 21.
Nxh5 Bb7 22. Nf6+ Kg7 23. h5 Nb4 24. hxg6 Rh8 25. Nh5+ Rxh5 26. Rxh5 Bxe4 27. Rh7+ Kg8 28. Bxe4 Rd8 29. g7 Nc2+ 30. Kf1 Nxa1 31. g6 fxg6 32. Ng5 Qxe5 33. Bxg6 Qxg5 0-1

[Event "*** Titled Tuesday Blitz"]
[Site "Chess.com"]
[Date "2018.01.02"]
[Round "3"]
[White "timator"]
[Black "PowerThinking2650"]
[Result "1-0"]
[WhiteElo "2318"]
[BlackElo "2199"]
[TimeControl "180+2"]
[EndTime "13:37:04 PST"]
[Termination "timator won by resignation"]

1. Nf3 Nf6 2. g3 g6 3. Bg2 Bg7 4. O-O O-O 5. d4 d6 6. c4 Nbd7 7. Nc3 e5 8. e4 exd4 9. Nxd4 Re8 10. f3 Ne5 11. b3 h5 12. Be3 h4 13. g4 Nh7 14.
Bf2 g5 15. h3 Ng6 16. Qd2 Be5 17. Rad1 Nhf8 18. Nce2 Ne6 19. Nxe6 Bxe6 20. Be3 f6 21. f4 gxf4 22. Bxf4 Qe7 23. Bxe5 fxe5 24. Rf2 Rf8 25. Rdf1 Kg7 26. Rf5 Bxf5 27. exf5 Nh8 28. g5 Kg8 29. Bxb7 Rab8 30. Bd5+ Rf7 31. g6 Qf6 32. Qh6 c6 33. gxf7+ Nxf7 34. Qxf6 1-0

[Event "*** Titled Tuesday Blitz"]
[Site "Chess.com"]
[Date "2018.01.02"]
[Round "3"]
[White "Superfelix"]
[Black "Usurpov"]
[Result "1-0"]
[WhiteElo "2280"]
[BlackElo "2339"]
[TimeControl "180+2"]
[EndTime "13:37:13 PST"]
[Termination "Superfelix won by checkmate"]

1. e4 c5 2. Nf3 Nc6 3. d4 cxd4 4. Nxd4 Nf6 5. Nc3 e5 6. Ndb5 d6 7. Nd5 Nxd5 8. exd5 Nb8 9. c4 Be7 10. g3 O-O 11.
Bg2 f5 12. O-O Nd7 13. b4 a6 14. Nc3 a5 15. Nb5 axb4 16. Bd2 Nf6 17. Bxb4 f4 18. a4 e4 19. f3 fxg3 20. fxe4 gxh2+ 21. Kh1 Ng4 22. Qd2 Ne5 23. Nd4 Nxc4 24. Qe2 Ne5 25. a5 Bg4 26.
Qe3 Rc8 27. Rxf8+ Bxf8 28. Rf1 Rc4 29. Bc3 Qc8 30. Ba1 h6 31. Nf5 Bxf5 32. exf5 Be7 33. Bxe5 dxe5 34. d6 Bxd6 35. Bd5+ Kh8 36. f6 Rf4 37. fxg7+ Kxg7 38. Qg3+ Rg4 39. Qxh2 Qc5 40. Qd2 Rd4 41. Rf7+ Kg6 42. Qg2+ Kh5 43. Bf3+ Kh4 44. Qh2+ Kg5 45. Qh5# 1-0

[Event "*** Titled Tuesday Blitz"]
[Site "Chess.com"]
[Date "2018.01.02"]
[Round "3"]
[White "Kacparov"]
[Black "Dr-Bassem"]
[Result "1-0"]
[WhiteElo "2677"]
[BlackElo "2635"]
[TimeControl "180+2"]
[EndTime "13:37:15 PST"]
[Termination "Kacparov won on time"]

1. e4 e5 2. Nf3 Nc6 3. Bb5 a6 4. Ba4 Nf6 5. O-O Be7 6. Re1 b5 7. Bb3 d6 8. c3 O-O 9. h3 Nb8 10. d4 Nbd7 11. Nbd2 Bb7 12. Bc2 Re8 13. Nf1 Bf8 14. Ng3 g6 15. a4 c5 16. b3 exd4 17. cxd4 cxd4 18. Bb2 Nc5 19. Qxd4 Bg7 20. e5 Nfd7 21. Qxd6 Bxf3 22. gxf3 bxa4 23. b4 Ne6 24. Bxa4 Ra7 25. Rad1 Re7 26. Ne4 Qf8 27. Nf6+ Nxf6 28.
exf6 Reb7 29. fxg7 Qxd6 30. Rxd6 Rxb4 31. Bf6 Ra8 32. Bc6 Rab8 33. Bd5 Nxg7 34. Re7 Rf8 35. Rdd7 Rf4 36. Rxf7 Rxf7 37. Rd8+ 1-0

[Event "*** Titled Tuesday Blitz"]
[Site "Chess.com"]
[Date "2018.01.02"]
[Round "3"]
[White "abruptum"]
[Black "Jbd735"]
[Result "1/2-1/2"]
[WhiteElo "2306"]
[BlackElo "2280"]
[TimeControl "180+2"]
[EndTime "13:37:15 PST"]
[Termination "Game drawn by repetition"]

1. d4 d5 2. c4 c6 3. Nc3 Nf6 4.
e3 e6 5. Nf3 Nbd7 6. Bd3 dxc4 7.
Bxc4 b5 8. Bd3 a6 9. a4 b4 10. Ne4 c5 11. Nxf6+ Nxf6 12. dxc5 Bxc5 13. O-O Bb7 14.
Qe2 O-O 15. e4 Nd7 16. Bg5 f6 17. Be3 Qe7 18. a5 Rfc8 19. Rfc1 Bxe3 20. Qxe3 Nc5 21. Nd2 Nxd3 22. Qxd3 Rd8 23. Qe3 Rd7 24. Nb3 Rad8 25. Nc5 Rd2 26. Qb3 Bc8 27. Qxb4 Qd6 28. g3 h5 29. h4 f5 30. Qb3 f4 31. Qf3 Rf8 32.
e5 Qxe5 33. Ne4 Rxb2 34. Ng5 fxg3 35. Qxg3 Qxg3+ 36. fxg3 Bb7 37. Rab1 Rg2+ 38. Kh1 Rb2+ 39. Kg1 Rg2+ 40. Kh1 Rc2+ 41. Kg1 Rg2+ 42. Kh1 Rb2+ 43. Kg1 1/2-1/2

[Event "*** Titled Tuesday Blitz"]
[Site "Chess.com"]
[Date "2018.01.02"]
[Round "3"]
[White "SergeiAza"]
[Black "ZapataCharlesS"]
[Result "0-1"]
[WhiteElo "2671"]
[BlackElo "2634"]
[TimeControl "180+2"]
[EndTime "13:37:16 PST"]
[Termination "ZapataCharlesS won by resignation"]

1. e4 c5 2. Nf3 e6 3. d4 cxd4 4. Nxd4 Nf6 5. Nc3 Nc6 6. Ndb5 Bc5 7. Nd6+ Ke7 8. Nxc8+ Rxc8 9. Bd3 Rg8 10. O-O g5 11. a3 a6 12. b4 Bd4 13. Bb2 Kf8 14. Na4 Bxb2 15. Nxb2 Ne5 16. Qe2 Qc7 17. Nd1 g4 18. Kh1 h5 19. Ne3 h4 20. f4 gxf3 21. gxf3 Ng6 22. Rg1 Qe5 23. Qf2 Ke7 24. Nc4 Qf4 25. Raf1 b5 26. Na5 Ne5 27. Rxg8 Rxg8 28. Nb7 d6 29. Qa7 Nfd7 30. Qxa6 Nxd3 31. cxd3 h3 32. Qa7 Rg2 0-1

[Event "*** Titled Tuesday Blitz"]
[Site "Chess.com"]
[Date "2018.01.02"]
[Round "3"]
[White "mishanick"]
[Black "Opening_Prep"]
[Result "1-0"]
[WhiteElo "2776"]
[BlackElo "2261"]
[TimeControl "180+2"]
[EndTime "13:37:16 PST"]
[Termination "mishanick won by resignation"]

1. d4 d5 2. c4 e6 3. Nf3 Nf6 4. Nc3 Be7 5. g3 O-O 6. Bg2 dxc4 7.
Ne5 Nc6 8. Bxc6 bxc6 9. Nxc6 Qe8 10. Nxe7+ Qxe7 11. Qa4 c5 12. dxc5 Qxc5 13. Be3 Qh5 14. Qxc4 Bb7 15. O-O Ng4 16. h4 Nxe3 17. fxe3 Rad8 18.
Rad1 e5 19. Rxd8 Rxd8 20. g4 Qg6 21. h5 Qe6 22. Qxe6 fxe6 23. Rd1 Rxd1+ 24. Nxd1 Kf7 25. Kf2 Kf6 26. Kg3 Kg5 27. Nf2 h6 28. Nh3+ Kf6 29.
Ng1 Bd5 30. a3 e4 31. Nh3 e5 32. Nf2 Kg5 33. b4 Bc6 34. a4 g6 35. b5 Bd5 36.
hxg6 Kxg6 37. a5 Kg5 38. b6 axb6 39. axb6 h5 40. Nh3+ Kg6 41. g5 Kf5 42. Kh4 Kg6 43.
Nf2 Bc6 44. Nd1 1-0

[Event "*** Titled Tuesday Blitz"]
[Site "Chess.com"]
[Date "2018.01.02"]
[Round "3"]
[White "jcibarra"]
[Black "ChessQueen"]
[Result "0-1"]
[WhiteElo "2717"]
[BlackElo "2624"]
[TimeControl "180+2"]
[EndTime "13:37:19 PST"]
[Termination "ChessQueen won by resignation"]

1. e4 e5 2. Nf3 Nf6 3. Nxe5 d6 4.
Nf3 Nxe4 5. Nc3 Nxc3 6. dxc3 Be7 7. Be3 Nd7 8. Qd2 Nf6 9. O-O-O O-O 10. c4 b5 11. cxb5 a6 12. b6 cxb6 13. Nd4 Ne4 14. Qd3 Nc5 15. Qa3 Bd7 16. Bc4 Qc7 17. Bd5 Rac8 18.
Kb1 b5 19. Bd2 Bf6 20. Ba5 Qb8 21. Qb4 Na4 22. Rhe1 Rc5 23. Nb3 Nxb2 24. Nxc5 dxc5 25. Qxc5 Nxd1 26. Rxd1 Qe5 27. c3 Bf5+ 28. Ka1 Bc2 29.
Rc1 Be4 30. Bb4 Rd8 31. Bxe4 Qxe4 32. f3 Qe2 33. Qb6 Qxg2 34. Qxa6 Qxf3 35. Qxb5 h5 36. a4 Rd2 37. Qc4 Rxh2 38. a5 Qf2 39. Rb1 Qc2 40.
a6 Qa4+ 0-1

[Event "*** Titled Tuesday Blitz"]
[Site "Chess.com"]
[Date "2018.01.02"]
[Round "3"]
[White "nickmatta"]
[Black "ChEsper99"]
[Result "1-0"]
[WhiteElo "2243"]
[BlackElo "2114"]
[TimeControl "180+2"]
[EndTime "13:37:20 PST"]
[Termination "nickmatta won by resignation"]

1. d4 Nf6 2. c4 g6 3. Nc3 Bg7 4.
e4 d6 5. Nf3 O-O 6. Be2 e5 7.
O-O Nc6 8. d5 Ne7 9. b4 a5 10. Ba3 axb4 11. Bxb4 b6 12. a4 Re8 13. a5 bxa5 14. Bxa5 Rb8 15. Nb5 Rb7 16. Nd2 Bd7 17.
Rb1 Bxb5 18. cxb5 Nd7 19. Qc2 Nc8 20. Rfc1 Ncb6 21. Nb3 Rf8 22. Bg4 Bh6 23. Qc6 Bxc1 24.
Qxb7 Ba3 25. Bxd7 Nxd7 26. Bxc7 Qg5 27. Bxd6 Bxd6 28. Qxd7 Rd8 29. Qc6 f5 30. exf5 gxf5 31. Nc5 Bxc5 32. Qxc5 e4 33. b6 f4 34. b7 f3 35. g3 Qg4 36. b8=Q Rxb8 37. Rxb8+ Kg7 38.
Qe7+ Kh6 39. Rb6+ Kh5 40. Qxh7+ 1-0

[Event "*** Titled Tuesday Blitz"]
[Site "Chess.com"]
[Date "2018.01.02"]
[Round "3"]
[White "nOcHeaTiNgKiD"]
[Black "chessdjw"]
[Result "1/2-1/2"]
[WhiteElo "2426"]
[BlackElo "2518"]
[TimeControl "180+2"]
[EndTime "13:37:25 PST"]
[Termination "Game drawn - insufficient material"]

1. d4 Nf6 2. Nf3 g6 3. Bg5 Bg7 4. Nbd2 O-O 5. c3 d6 6. e4 c5 7. dxc5 dxc5 8. Bc4 Nc6 9. Qe2 Na5 10. Bd3 b6 11. O-O Qc7 12. Bh4 Nh5 13. Bg3 Nxg3 14. hxg3 Bb7 15. Rad1 Rfd8 16. Nc4 Nc6 17. Ne3 e6 18.
Ba6 h5 19. g4 hxg4 20. Nxg4 Bxa6 21. Qxa6 Qf4 22. Qa4 Na5 23. Ngh2 c4 24. Qc2 Nc6 25. Qe2 b5 26. a4 a6 27. g3 Qc7 28. Ng4 Rxd1 29.
Rxd1 Rd8 30. Rxd8+ Qxd8 31. axb5 axb5 32. Qd2 Qxd2 33.
Nxd2 f5 34. exf5 gxf5 35. Ne3 Ne5 36. b3 cxb3 37. Nxb3 Nf3+ 38. Kg2 Ng5 39. c4 bxc4 40. Nxc4 Ne4 41. Nbd2 Nxd2 42. Nxd2 Kf7 43. Kf3 Bc3 44. Nc4 Kf6 45. g4 fxg4+ 46. Kxg4 Bd4 47. f4 Ke7 48. Kf3 Kd7 49. Ke4 Bc3 50. Ne5+ Bxe5 51. Kxe5 Ke7 52. f5 exf5 53. Kxf5 1/2-1/2

[Event "*** Titled Tuesday Blitz"]
[Site "Chess.com"]
[Date "2018.01.02"]
[Round "3"]
[White "Al_Shima"]
[Black "ajkom197"]
[Result "1-0"]
[WhiteElo "2223"]
[BlackElo "2334"]
[TimeControl "180+2"]
[EndTime "13:37:26 PST"]
[Termination "Al_Shima won by resignation"]

1. b3 d5 2. Bb2 Bf5 3. g3 e6 4. Bg2 Nf6 5. c4 Be7 6. cxd5 exd5 7. Nf3 O-O 8. O-O c6 9. d3 h6 10. Nc3 Bg4 11. Re1 Nbd7 12. e4 Nc5 13. e5 Nfd7 14.
d4 Ne6 15. h3 Bxf3 16. Bxf3 Nb6 17. a4 a5 18. Qd2 Rc8 19. Ne2 Bb4 20. Bc3 Bxc3 21. Qxc3 Nd7 22. Rad1 Nb8 23. Qd2 Na6 24. Bg4 Nb4 25. Nf4 Qe7 26. Nd3 Nxd3 27. Qxd3 Rce8 28. f4 Qb4 29. h4 c5 30. dxc5 Nxc5 31. Qxd5 Qxb3 32.
Qxb3 Nxb3 33. Rd5 b6 34. Rb1 Nc5 35. Rxb6 Nxa4 36. Ra6 Ra8 37. Rdxa5 Rxa6 38. Rxa6 Nc5 39. Ra7 Rd8 40. Bh5 g6 41. Bf3 Rd3 42. Kf2 Ne6 43. h5 g5 44. f5 Nd4 45. Ra8+ Kg7 46. f6+ 1-0

[Event "*** Titled Tuesday Blitz"]
[Site "Chess.com"]
[Date "2018.01.02"]
[Round "3"]
[White "AndrewDGreen"]
[Black "sandager"]
[Result "1-0"]
[WhiteElo "2106"]
[BlackElo "1971"]
[TimeControl "180+2"]
[EndTime "13:37:26 PST"]
[Termination "AndrewDGreen won by resignation"]

1. d4 Nf6 2. Nf3 g6 3. Nc3 d5 4. Bf4 Bg7 5. e3 O-O 6. Be2 c5 7. O-O b6 8. Nb5 Na6 9. dxc5 bxc5 10. c4 Bb7 11. a3 Qb6 12. Qb3 Rad8 13. Rfd1 Bc6 14.
Ne5 Bxb5 15. Qxb5 Nc7 16. Qxb6 axb6 17. Nxg6 hxg6 18. Bxc7 Rd7 19. Be5 Rfd8 20. Rab1 dxc4 21. Rxd7 Nxd7 22. Bxg7 Kxg7 23. Rd1 b5 24. a4 bxa4 25. Bxc4 Kf8 26. Bb5 Ke8 27. Bxa4 e6 28. Kf1 Ke7 29.
Bxd7 Rxd7 30. Rxd7+ Kxd7 31. Ke2 Kd6 32. Kd3 Kd5 33.
e4+ Ke5 34. Kc4 Kxe4 35. Kxc5 Kd3 36. b4 Ke2 37. b5 Kxf2 38. b6 e5 39. Kd5 f6 40. b7 Kxg2 41. b8=Q Kxh2 42. Qg8 Kg3 43. Qxg6+ Kf4 44. Qxf6+ Ke3 45. Qxe5+ 1-0

[Event "*** Titled Tuesday Blitz"]
[Site "Chess.com"]
[Date "2018.01.02"]
[Round "3"]
[White "VerdeNotte"]
[Black "Jospem"]
[Result "1-0"]
[WhiteElo "2683"]
[BlackElo "2626"]
[TimeControl "180+2"]
[EndTime "13:37:27 PST"]
[Termination "VerdeNotte won by resignation"]

1. e4 c5 2. d3 Nc6 3. f4 d5 4.
Nf3 Nf6 5. e5 Nd7 6. c4 Nb6 7. b3 Bf5 8. Nh4 g6 9. Nc3 e6 10. Nxf5 gxf5 11. g3 Qd7 12. Bg2 d4 13. Na4 h5 14. h4 Nxa4 15. bxa4 O-O-O 16. Rb1 Qc7 17. Kf2 Be7 18. Re1 Rdg8 19. Qf3 Rg4 20.
Bh3 Rg6 21. Bd2 Rhg8 22. Rg1 Qd7 23. Qxh5 Nb4 24. Qf3 Qxa4 25. Bg2 Qa6 26. Bh1 Nc6 27. h5 Qxa2 28. hxg6 Qxd2+ 29. Qe2 Qxe2+ 30. Kxe2 Rxg6 31. Bxc6 bxc6 32. Ra1 Kb7 33. Rgb1+ Ka8 34. Ra6 Rg8 35. Rba1 Bd8 36. Rxa7+ Kb8 37. Ra8+ Kb7 38. R1a7+ Kb6 39. Rd7 Rxg3 40. Rb8+ Ka6 41. Rdxd8 Rg2+ 42. Ke1 Ka5 43. Rb3 Ka4 44. Rb7 1-0